 Dungeon Crawl Stone Soup version 0.26.1-11-gd32895ea62 (webtiles) character file.

Game seed: 2593640149163303880

37 Descartes the Sneak (level 3, -2/16 HPs)
             Began as a Spriggan Enchanter on June 29, 2021.
             Slain by an ice beast (14 damage)
             ... on level 3 of the Dungeon.
             The game lasted 00:02:42 (2061 turns).

Descartes the Sneak (Spriggan Enchanter)            Turns: 2061, Time: 00:02:42

Health: -2/16      AC:  2    Str:  5    XL:     3   Next: 21%
Magic:  8/8        EV: 18    Int: 16    God:
Gold:   96         SH:  0    Dex: 16    Spells: 6/7 levels left

rFire    . . .     SeeInvis +   a - +1 dagger
rCold    . . .     Faith    .   (shield restricted)
rNeg     . . .     Spirit   .   g - +0 robe
rPois    .         Reflect  .   (helmet restricted)
rElec    .         Harm     .   (no cloak)
rCorr    .         Rampage  .   (gloves unavailable)
Will     .....                  (boots unavailable)
Stlth    +++.......             (no amulet)
HPRegen  0.05/turn              (no ring)
MPRegen  0.11/turn              (no ring)

@: very quick
A: very small, unfitting armour, see invisible, speed 3
a: no special abilities


You were on level 3 of the Dungeon.
You visited 1 branch of the dungeon, and saw 4 of its levels.

You collected 96 gold pieces.

Inventory:

Hand Weapons
 a - a +1 dagger (weapon)
 b - a +0 hunting sling
 q - a +0 hand crossbow
Missiles
 h - 5 boomerangs
 k - 25 stones
Armour
 g - a +0 robe (worn)
Scrolls
 c - a scroll of enchant weapon {unknown}
 e - a scroll of noise {unknown}
 f - 5 scrolls of remove curse {unknown}
 j - 3 scrolls of identify {unknown}
 n - a scroll of teleportation {unknown}
 o - 3 scrolls of fear {unknown}
 r - a scroll of enchant armour {unknown}
Potions
 d - 2 potions of curing {unknown}
 i - a potion of cancellation {unknown}
 l - a potion of mutation {unknown}
 m - a potion of magic {unknown}
 p - a potion of heal wounds {unknown}


   Skills:
 + Level 2.5 Short Blades
 + Level 0.0 Slings
 - Level 3.0 Dodging
 + Level 5.6 Stealth
 - Level 2.6 Spellcasting
 - Level 3.6 Hexes


You had 6 spell levels left.
You knew the following spells:

 Your Spells              Type           Power        Failure   Level
a - Corona                Hex            14%          4%          1

Your spell library contained the following spells:

 Spells                   Type           Power        Failure   Level
 Confusing Touch          Hex            13%          13%         3
 Tukima's Dance           Hex            13%          13%         3
 Ensorcelled Hibernation  Hex/Ice        14%          14%         2
 Dazzling Flash           Conj/Hex       14%          28%         3


Dungeon Overview and Level Annotations

Branches:
Dungeon (4/15)
 Temple: D:4-7

Altars:
Kikubaaqudgha
Nemelex Xobeh

Annotations:
D:2 Robin


Innate Abilities, Weirdness & Mutations

You are very small and have problems with some larger weapons.
You are too small for most types of armour.
You have supernaturally acute eyesight. (SInv)
You cover ground extremely quickly.


Message History

You catch the helpless ice beast completely off-guard!
You puncture the ice beast!
The ice beast is heavily wounded.
You hit the ice beast but do no damage.
The ice beast is heavily wounded.
The ice beast closely misses you.
You hit the ice beast but do no damage.
The ice beast is heavily wounded.
The ice beast closely misses you.
You hit the ice beast.
The ice beast is severely wounded.
The ice beast closely misses you.
You barely miss the ice beast.
The ice beast is severely wounded.
The ice beast misses you.
You barely miss the ice beast.
The ice beast is severely wounded.
The ice beast hits you. The ice beast freezes you!
Ouch! That really hurt!
You die...

#.##.####.#### .....#
#..# #.#### ##.# #.# #.#
+# #.# #.# ... #.# #.###
.... #.# #.#.## ...[.
#.# #####....####......
................@Y......
#.########....####.^.$..
#.# #.#.## ..... #.###
#.### .... ....# #.# ...
....# #.# +# ....# #.#
....# <...#


You could see an ice beast.

Vanquished Creatures
  An adder (D:3)
  A dart slug (D:2)
  4 bats
  A giant cockroach (D:1)
  5 goblins
  2 hobgoblins (D:1)
  A quokka (D:3)
  3 frilled lizards
  A kobold (D:1)
  7 rats
26 creatures vanquished.

Vanquished Creatures (others)
  A human (D:2)
1 creature vanquished.

Grand Total: 27 creatures vanquished

Notes
Turn   | Place    | Note
-------+----------+-------------------------------------------
     0 | D:1      | Descartes the Spriggan Enchanter began the quest for the
                  | Orb.
     0 | D:1      | Reached XP level 1. HP: 9/9 MP: 5/5
   421 | D:1      | Reached skill level 5 in Stealth
   421 | D:1      | Reached XP level 2. HP: 13/13 MP: 6/6
   973 | D:2      | Noticed Robin
  1327 | D:2      | You fall into a shaft and drop 2 floors!
  1375 | D:3      | Reached XP level 3. HP: 16/16 MP: 8/8
  1395 | D:2      | Found a sparkling altar of Nemelex Xobeh.
  1478 | D:2      | Found an ancient bone altar of Kikubaaqudgha.
  1479 | D:2      | Noticed a human
  1481 | D:2      | Killed a human
  2055 | D:3      | Noticed an ice beast
  2061 | D:3      | Slain by an ice beast

Illustrated notes

Levels and vault maps discovered:
D:1:      psy_arrival_statuary, layout_basic
D:2:      layout_basic, marbit_many_paths, lemuel_doored_altar,
          nemelex_xobeh_ov_fountains_minmay, tgw_kikubaaqudgha,
          uniq_crazy_yiuf_cottage, uniq_robin
D:3:      layout_loops_corners, nicolae_overflow_hidden_temple,
          general_overflow_altar, minivault_11, goddamned_bats, uniq_grinder
D:4:      layout_loops_corners, minmay_temple_entry_wispy, uniq_ijyb

Skill      XL: |  1  2 |
---------------+-------+-----
Stealth        | 5 |  5.6
Short Blades   | 2 |  2.5
Dodging        | |  3.0
Spellcasting   | |  2.6
Hexes          | |  3.6

Action                   || total
-------------------------++-------
Melee: Dagger            ||   125
 Fire: Hunting sling     ||     1
 Stab: Sleeping          ||     9
       Distracted        ||     1
Armor: Robe              ||    15
Dodge: Dodged            ||   106
